 Dungeon Crawl Stone Soup version 0.20.1-1-g8b1a95d (webtiles) character file.

834 AdmiralAndromeda the Chopper (level 7, 0/61 HPs)
             Began as a Minotaur Fighter on Oct 30, 2017.
             Shot with an arrow by a centaur (2 damage)
             ... on level 5 of the Dungeon.
             The game lasted 00:13:41 (3379 turns).

AdmiralAndromeda the Chopper (Minotaur Fighter)     Turns: 3379, Time: 00:13:42

Health: 0/61       AC:  7    Str: 23    XL:     7   Next: 66%
Magic:  6/6        EV:  8    Int:  5    God:
Gold:   299        SH: 10    Dex: 11    Spells: 6/6 levels left

rFire    . . .     SeeInvis .   a - +1 war axe
rCold    . . .     Gourm    .   c - +0 shield
rNeg     . . .     Faith    .   b - +0 scale mail
rPois    +         Spirit   .   (helmet restricted)
rElec    .         Reflect  .   (no cloak)
rCorr    .         Harm     .   (no gloves)
MR       .....                  (no boots)
Stlth    ..........             (no amulet)
Regen    0.2/turn               (no ring)
MPRegen  0.1/turn               (no ring)

@: no status effects
A: retaliatory headbutt, fangs 1, horns 2, agile 1, poison resistance, screaming
1
a: no special abilities


You were on level 5 of the Dungeon.
You were very hungry.

You visited 1 branch of the dungeon, and saw 5 of its levels.

You collected 299 gold pieces.

Inventory:

Hand Weapons
 a - a +1 war axe (weapon)
Armour
 b - a +0 scale mail (worn)
 c - a +0 shield (worn)
Jewellery
 n - an uncursed amulet of the gourmand
 o - a cursed ring of teleportation
Scrolls
 d - a scroll of fear {unknown}
 e - a scroll of magic mapping {unknown}
 h - 2 scrolls of fog
 m - a scroll of enchant weapon
 q - a scroll of enchant armour {unknown}
 s - a scroll of amnesia {unknown}
 t - 4 scrolls of remove curse
 v - a scroll of teleportation {unknown}
 w - a scroll of recharging {unknown}
 A - a scroll of random uselessness {unknown}
Potions
 g - a potion of agility
 i - a potion of magic {unknown}
 j - a potion of flight {unknown}
 p - 2 potions of lignification
 u - a potion of brilliance {unknown}
 z - a potion of haste {unknown}
Books
 y - a book of Geomancy

   Spells                             Type                      Level
   a - Sandblast                      Earth                        1
   b - Passwall                       Transmutation/Earth          2
   c - Stone Arrow                    Conjuration/Earth            3
   d - Petrify                        Transmutation/Earth          4
   e - Lee's Rapid Deconstruction     Earth                        5
Comestibles
 f - 4 bread rations
 k - 3 meat rations
 l - 3 fruits


   Skills:
 + Level 5.2 Fighting
 + Level 7.5 Axes
 + Level 5.8 Armour
 + Level 1.9 Dodging
 + Level 0.3 Stealth
 + Level 5.1 Shields


You had 6 spell levels left.
You didn't know any spells.

Dungeon Overview and Level Annotations

Branches:
Dungeon (5/15)
 Temple: D:4-7

Altars:


Innate Abilities, Weirdness & Mutations

You reflexively headbutt those who attack you in melee.
You have a pair of horns on your head.
You have very sharp teeth.
You are agile. (Dex +2)
Your system is resistant to poisons. (rPois)
You occasionally shout uncontrollably at your foes.


Message History

You closely miss the crimson imp. Your bite misses the crimson imp.
The centaur wields a shortbow.
The centaur shoots an arrow.
The arrow closely misses you.
The crimson imp blinks!
A worker ant comes into view.
The centaur shoots an arrow.
The arrow hits you!
* * * LOW HITPOINT WARNING * * *
The quokka closely misses you. The hound bites you but does no damage.
A quokka zombie comes into view.
You see here an arrow.
The centaur shoots an arrow.
You block the arrow. The hound barely misses you. The quokka barely misses you.
The hound completely misses you. You furiously retaliate!
You headbutt the hound!
The centaur shoots an arrow.
You block the arrow.
The quokka bites you but does no damage.
You see here 2 arrows.
You block the hound's attack.
The centaur shoots an arrow.
The arrow hits you.
* * * LOW HITPOINT WARNING * * *
You see here an arrow.
The centaur shoots an arrow.
The arrow hits you.
You die...

..?.. ..## ..[..
... .Z.. ..
#(.##.# . #.....
...##...5# #.#
#.....a.####c.#
#..(rh....#
#.....##@##..#
#.##.. #<# ..#
#.. #.# #.## ...
#.###..#####
#.#.
#.##<#.#.#.#####
..#.
#..............#
#.##.
#..#.#.#.#.....#
#..............#
#..#.#.#.#.....#


You could see a centaur, a hound, a worker ant, a crimson imp, a quokka zombie
and a quokka.

Vanquished Creatures
  Grinder (D:5)
  Sigmund (D:2)
  Duvessa (D:4)
  A scorpion (D:5)
  Dowan (D:4)
  A hound (D:4)
  An orc priest (D:3)
  A jelly (D:5)
  A bullfrog skeleton (D:4)
  A worker ant (D:4)
  7 adders
  An adder skeleton (D:4)
  3 worms
  2 dart slugs (D:1)
  3 leopard geckos (D:1)
  5 orcs (D:3)
  5 bats
  7 giant cockroaches
  6 goblins
  10 hobgoblins
  5 jackals
  10 kobolds
  A ball python (D:2)
  6 frilled lizards
  8 rats
89 creatures vanquished.

Notes
Turn   | Place    | Note
-------+----------+-------------------------------------------
     0 | D:1      | AdmiralAndromeda the Minotaur Fighter began the quest for the Orb.
     0 | D:1      | Reached XP level 1. HP: 19/19 MP: 0/0
   129 | D:1      | Reached XP level 2. HP: 24/27 MP: 1/1
   366 | D:1      | Reached XP level 3. HP: 32/33 MP: 2/2
   491 | D:2      | Reached skill level 3 in Axes
   588 | D:2      | Noticed Sigmund
   593 | D:2      | Killed Sigmund
   593 | D:2      | Reached skill level 4 in Axes
   593 | D:2      | Reached XP level 4. HP: 36/41 MP: 3/3
   593 | D:2      | Reached XP level 5. HP: 41/47 MP: 4/4
   618 | D:2      | Reached skill level 1 in Dodging
   843 | D:2      | Reached skill level 5 in Armour
   990 | D:2      | Reached skill level 5 in Axes
  1533 | D:3      | Reached XP level 6. HP: 47/53 MP: 5/5
  2307 | D:4      | Noticed Dowan
  2308 | D:4      | Noticed Duvessa
  2332 | D:4      | Killed Dowan
  2640 | D:4      | Reached skill level 6 in Axes
  2808 | D:4      | Killed Duvessa
  2863 | D:4      | Reached XP level 7. HP: 9/60 MP: 6/6
  2884 | D:4      | HP: 3/60 [hound (1)]
  2888 | D:4      | Reached skill level 5 in Shields
  3297 | D:5      | Entered Level 5 of the Dungeon
  3297 | D:5      | Noticed Grinder
  3306 | D:5      | Reached skill level 5 in Fighting
  3310 | D:5      | HP: 3/61 [Grinder (6)]
  3314 | D:5      | Gained mutation: You are agile. (Dex +2) [potion of mutation]
  3314 | D:5      | Gained mutation: Your system is resistant to poisons. (rPois) [potion of mutation]
  3314 | D:5      | Gained mutation: You occasionally shout uncontrollably at your foes. [potion of mutation]
  3314 | D:5      | Gained mutation: You have very sharp teeth. [potion of mutation]
  3318 | D:5      | HP: 4/91 [Grinder (1)]
  3323 | D:5      | Paralysed by Grinder for 6 turns
  3337 | D:5      | Killed Grinder
  3337 | D:5      | Reached skill level 7 in Axes
  3376 | D:5      | HP: 2/61 [centaur/arrow (11)]
  3379 | D:5      | Shot with an arrow by a centaur

Skill      XL: |  1  2  3  4  5  6  7 |
---------------+----------------------+-----
Armour         | 4 5 |  5.8
Fighting       | 4 5 |  5.2
Axes           | 4 5 6 7 |  7.5
Shields        | 4 5 |  5.1
Dodging        | 1 |  1.9
Stealth        | |  0.3

Action                   |  1- 3 |  4- 6 |  7- 9 || total
-------------------------+-------+-------+-------++-------
Melee: War axe           |    52 |   139 |    28 ||   219
       Headbutt          |     7 |    17 |     4 ||    28
  Use: Potion            |     1 |     1 |     3 ||     5
       Scroll            |       |     1 |     4 ||     5
  Eat: Chunk             |       |     5 |     2 ||     7
Armor: Scale mail        |    23 |    56 |     5 ||    84
       Skin              |       |       |     4 ||     4
Dodge: Dodged            |    16 |    43 |     9 ||    68
Block: Shield            |    28 |    70 |    14 ||   112
